Map: Pendiente de Agustín EE

Players

XxCarbotxX

  • Race: Zerg Zerg
  • League: Gold
  • Spawn Location: 6:00

assclap

  • Race: Zerg Zerg
  • Spawn Location: 6:00

MrPineapple

  • Race: Zerg Zerg
  • Spawn Location: 5:00

TATORREA

  • Race: Protoss Protoss
  • League: Silver
  • Spawn Location: 12:00

MrFercho

  • Race: Terran Terran
  • League: Silver
  • Spawn Location: 12:00

tigro

  • Race: Terran Terran
  • League: Bronze
  • Spawn Location: 11:00

VOD

Have the link to the VOD?

Description

Time

  • Played on: June 7, 2020, 5:21 p.m.
  • Length: 16:56
Show
View Real Time Build Order
Export as new Build Order

XxCarbotxX Zerg 

Build Orders: Pool First 

Get SALT Encoding   

  12  0:18  Spawning Pool  
  11  0:23  Drone  
  11  0:27  Drone  
  13  0:31  Drone  
  14  0:41  Overlord  
  14  1:00  Extractor  
  13  1:05  Queen  
  13  1:07  Zergling x4  
  13  1:09  Zergling x2  
  18  1:33  Drone x2  
  20  1:48  Hatchery  
  19  2:12  Drone x3  
  22  2:21  Overlord x2  
  21  3:08  Zergling x12  
  21  3:09  Metabolic Boost  
  27  3:14  Queen, Drone x2  
  30  3:35  Drone x2  
  30  3:36  Drone x2  
  33  3:50  Queen, Drone  
  33  3:53  Overlord  
  33  3:54  Overlord  
  36  4:12  Drone x2  
  36  4:15  Roach Warren  
  36  4:27  Zergling x4  
  36  4:28  Zergling x8  
  37  4:46  Zergling x8  
  37  4:50  Drone  
  42  4:59  Lair  
  42  5:02  Extractor, Drone x4  
  42  5:03  Drone  
  46  5:12  Drone  
  47  5:19  Drone  
  48  5:26  Drone x3  
  43  6:31  Zergling x12  
  47  6:33  Drone x5  
  47  6:38  Extractor x2, Overlord  
  47  6:39  Overlord x3  
  50  6:52  Zergling x4  
  52  7:06  Drone x4  
  56  7:18  Zergling x2  
  56  7:19  Zergling x6  
  60  7:34  Zergling x2  
  60  7:35  Zergling x6  
  58  7:48  Roach x2  
  58  7:49  Roach x4  
  58  7:50  Queen  
  72  8:01  Evolution Chamber  
  72  8:05  Evolution Chamber  
  66  8:12  Spore Crawler  
  59  8:19  Roach x2  
  69  8:20  Roach x4  
  69  8:21  Roach x3  
  77  8:45  Extractor, Zerg Missile Weapons Level 1  
  77  8:46  Hatchery, Zerg Ground Armor Level 1  
  75  8:55  Drone x2  
  77  9:01  Spore Crawler  
  76  9:16  Infestation Pit  
  75  9:21  Roach x4  
  75  9:22  Overlord  
  75  9:23  Overlord x2  
  83  9:24  Overlord x2  
  83  9:40  Queen  
  85  9:55  Hive  
  85  10:00  Hydralisk Den  
  85  10:01  Drone  
  85  10:03  Roach  
  85  10:04  Roach x5  
  85  10:05  Roach x6  
  85  10:06  Roach  
  111  10:07  Drone  
  111  10:09  Queen  
  114  10:14  Overlord  
  106  11:05  Roach  
  106  11:06  Roach x6  
  106  11:07  Roach x7  
  106  11:22  Roach x2  
  106  11:23  Roach x2  
  114  11:47  Hatchery  
  114  11:52  Overlord x2  
  114  11:53  Overlord  
  114  11:54  Overlord x3  
  113  12:04  Zerg Missile Weapons Level 2, Zerg Ground Armor Level 2  
  113  12:05  Glial Reconstitution  
  113  12:07  Ravager  
  113  12:08  Ravager x15  
  124  12:09  Ravager x3  
  132  12:28  Roach x5  
  132  12:29  Roach x6  
  154  12:41  Hatchery  
  153  12:49  Spore Crawler  
  152  12:52  Spine Crawler  
  151  12:59  Queen, Drone  
  151  13:05  Ravager x7  
  161  13:10  Drone  
  162  13:28  Roach x7  
  162  13:29  Roach  
  162  13:30  Roach x2  
  182  13:35  Queen  
  182  13:37  Drone  
  182  13:39  Drone  
  186  13:41  Overlord  
  186  13:42  Overlord  
  186  13:53  Queen, Drone  
  189  14:12  Drone  
  189  14:14  Drone x6  
  196  14:29  Queen  
  190  15:13  Roach  
  190  15:14  Roach x5  
Show
View Real Time Build Order
Export as new Build Order

assclap Zerg 

Build Orders: Pool First 

Get SALT Encoding   

  12  0:22  Spawning Pool  
  12  0:27  Overlord  
  11  1:07  Hatchery  
  11  1:09  Extractor  
  11  1:10  Zergling x2, Drone  
  11  1:16  Zergling x2  
  12  1:29  Zergling x2  
  13  3:12  Zergling x6  
  16  3:16  Queen  
  16  3:17  Drone x2  
  16  3:18  Drone  
  19  3:48  Drone x3  
  22  3:49  Queen  
  22  3:51  Queen  
  26  4:12  Overlord x2  
  26  4:30  Queen  
  28  5:12  Lair  
  28  5:23  Drone x2  
  28  5:24  Drone  
  31  6:30  Hydralisk Den  
  30  6:37  Infestation Pit  
  29  6:57  Zergling x6  
  29  6:58  Zergling x6  
  35  7:01  Overlord x2  
  35  7:02  Overlord x2  
  35  7:44  Hydralisk x2  
  39  7:52  Extractor  
  39  7:54  Drone  
  39  7:55  Drone x3  
  42  8:35  Drone  
  42  8:36  Drone x3  
  46  8:58  Extractor  
  45  9:10  Spire  
  45  9:16  Extractor  
  43  9:19  Overlord, Drone  
  43  9:20  Overlord  
  44  10:14  Hydralisk x2  
  44  10:15  Hydralisk x4  
  56  10:26  Mutalisk x3  
  46  10:53  Mutalisk x2  
  46  10:56  Hydralisk  
  40  11:42  Drone x3  
  43  12:26  Overlord x3  
  43  12:45  Mutalisk x2  
  43  12:46  Mutalisk x4  
  55  12:54  Corruptor x4  
  63  13:06  Corruptor  
  65  13:24  Corruptor x2  
  69  13:38  Drone  
  69  13:40  Drone  
  71  13:48  Corruptor x2  
  71  13:49  Corruptor  
  77  14:22  Corruptor x2  
  81  14:37  Corruptor x2  
  81  14:38  Corruptor  
  81  15:21  Corruptor x2  
  81  15:22  Corruptor x2  
  81  15:23  Corruptor  
Show
View Real Time Build Order
Export as new Build Order

MrPineapple Zerg 

Build Orders: Hatch First, Brood Lord Corruptor 

Get SALT Encoding   

  12  0:06  Drone  
  13  0:13  Overlord  
  13  0:18  Drone  
  14  0:34  Overlord x2  
  14  0:57  Drone x2  
  16  1:10  Hatchery  
  15  1:18  Drone x2  
  17  1:26  Drone  
  18  1:37  Drone  
  19  1:46  Extractor  
  18  2:34  Drone x3  
  18  2:35  Spawning Pool  
  20  2:43  Drone  
  20  2:44  Drone  
  22  3:07  Drone x3  
  22  3:10  Drone x3  
  28  3:22  Drone  
  28  3:24  Drone  
  28  3:26  Hatchery  
  29  3:27  Queen  
  29  3:29  Queen  
  29  3:30  Hatchery  
  32  3:51  Evolution Chamber  
  32  3:54  Evolution Chamber  
  31  3:55  Drone x2  
  31  3:56  Drone  
  31  4:02  Extractor  
  32  4:05  Drone  
  33  4:17  Burrow  
  33  4:28  Drone x3  
  36  4:31  Drone  
  36  4:32  Drone x2  
  36  4:38  Queen  
  41  4:39  Drone  
  41  4:41  Queen  
  41  4:43  Drone  
  45  4:54  Drone x4  
  45  4:56  Drone x2  
  45  4:57  Drone x5  
  56  5:04  Zerg Missile Weapons Level 1  
  56  5:05  Zerg Ground Armor Level 1  
  56  5:15  Extractor  
  56  5:16  Extractor  
  54  5:38  Lair  
  54  6:22  Drone x2  
  56  6:28  Overlord x5  
  56  6:29  Overlord x2  
  56  6:50  Infestation Pit  
  56  6:53  Spire  
  54  6:55  Overlord x4  
  54  6:57  Drone x2  
  54  6:58  Drone x8  
  54  6:59  Drone x11  
  54  7:00  Drone x6  
  54  7:01  Drone x3  
  84  7:05  Zerg Missile Weapons Level 2  
  84  7:07  Zerg Ground Armor Level 2  
  84  7:14  Spire  
  83  7:26  Extractor  
  83  7:29  Extractor  
  81  7:52  Hive  
  81  8:00  Drone x5  
  81  8:01  Drone x5  
  81  8:02  Drone x7  
  81  8:03  Drone x7  
  105  8:16  Zerg Flyer Weapons Level 1  
  105  8:27  Zerg Flyer Armor Level 1  
  105  8:37  Extractor  
  104  8:41  Extractor  
  104  8:46  Drone x12  
  104  8:47  Drone x8  
  123  9:30  Hatchery  
  122  9:33  Overlord  
  122  9:34  Overlord x3  
  122  9:38  Hatchery  
  121  9:47  Hatchery  
  120  9:54  Corruptor x2  
  120  9:55  Corruptor x3  
  120  9:56  Corruptor x19  
  120  9:57  Corruptor  
  170  10:03  Drone  
  170  10:04  Drone  
  172  10:12  Greater Spire  
  172  10:22  Ultralisk Cavern  
  172  10:57  Queen, Drone x2  
  172  11:00  Drone  
  172  11:01  Queen  
  172  11:03  Drone  
  179  11:05  Queen  
  181  11:30  Zerg Flyer Armor Level 2  
  181  11:31  Zerg Flyer Weapons Level 2  
  181  12:05  Ultralisk x2  
  193  12:32  Zerg Melee Weapons Level 1  
  193  12:33  Zerg Ground Armor Level 3  
  193  12:58  Drone  
  194  13:00  Overlord  
  194  13:01  Overlord x4  
  194  13:54  Zerg Flyer Weapons Level 3  
  194  13:56  Zerg Flyer Armor Level 3  
  128  14:55  Brood Lord x6  
  128  14:56  Brood Lord x11  
  128  14:57  Brood Lord x6  
  157  15:19  Ultralisk x2  
  169  15:37  Brood Lord  
  169  15:38  Brood Lord  
  173  15:50  Ultralisk  
Show
View Real Time Build Order
Export as new Build Order

TATORREA Protoss 

Build Orders:  

Get SALT Encoding   

  12  0:02  Probe  
  13  0:25  Probe (Chrono Boost)  
  13  0:26  Pylon  
  15  0:36  Probe (Chrono Boost)  
  15  0:42  Probe  
  16  0:54  Gateway  
  16  0:55  Gateway  
  16  0:57  Probe  
  17  1:06  Gateway  
  17  1:14  Assimilator  
  17  1:16  Probe  
  18  1:28  Probe  
  19  1:55  Probe  
  19  1:57  Pylon  
  19  1:58  Cybernetics Core  
  22  2:13  Assimilator  
  22  2:26  Pylon  
  22  2:27  Pylon  
  22  2:44  Probe  
  23  2:56  Probe  
  18  3:33  Pylon  
  18  3:34  Pylon  
  18  3:44  Probe  
  19  3:51  Gateway x3  
  19  4:39  Zealot x2 (Chrono Boost)  
  25  4:47  Zealot (Chrono Boost)  
  25  4:52  Gateway  
  25  4:55  Gateway  
  25  4:57  Gateway  
  25  5:04  Cybernetics Core  
  25  5:21  Zealot  
  25  5:22  Zealot  
  25  5:23  Zealot  
  25  5:47  Stalker x2  
  25  5:49  Stalker  
  31  6:52  Pylon  
  31  6:56  Pylon  
  31  7:02  Warp Gate (Chrono Boost)  
  31  7:10  Stalker x4  
  31  7:14  Stalker x2  
  43  7:23  Nexus  
  40  8:29  Pylon  
  40  8:33  Pylon  
  40  8:34  Probe  
  41  8:42  Pylon  
  41  8:46  Probe  
  41  8:48  Pylon  
  42  8:57  Forge  
  42  8:58  Probe  
  42  8:59  Probe  
  44  9:10  Probe  
  44  9:11  Probe  
  44  9:12  Stalker  
  44  9:13  Stalker  
  50  9:23  Probe  
  51  9:29  Probe  
  52  9:35  Probe  
  53  9:40  Protoss Ground Weapons Level 1  
  53  9:41  Probe  
  54  9:47  Probe  
  55  9:53  Probe  
  55  9:59  Probe  
  57  10:01  Zealot x3  
  57  10:06  Probe  
  30  11:20  Stalker  
  30  11:21  Stalker x4  
  30  11:22  Stalker  
  42  11:40  Assimilator  
  42  11:42  Assimilator  
  42  11:43  Protoss Ground Armor Level 1 (Chrono Boost)  
  42  12:02  Probe  
  42  12:03  Probe  
  44  12:14  Stalker x3  
  44  12:15  Stalker x2, Pylon  
  54  12:16  Stalker  
  54  12:19  Pylon  
  56  12:23  Pylon  
  56  12:24  Probe x2  
  56  12:26  Twilight Council  
  58  12:36  Probe x2  
  60  12:51  Stalker  
  60  12:52  Stalker x3  
  60  12:53  Stalker x2, Blink (Chrono Boost)  
  72  13:25  Robotics Facility  
  72  13:26  Protoss Shields Level 1 (Chrono Boost)  
  72  13:38  Stalker x4  
  72  13:39  Stalker  
  72  13:40  Stalker  
  84  13:51  Probe x2  
  86  14:14  Immortal  
  90  14:17  Nexus  
  90  14:21  Pylon  
  90  14:25  Pylon  
  44  15:08  Stalker  
  44  15:09  Stalker x4  
  44  15:10  Stalker  
  54  15:24  Immortal  
  54  15:25  Shield Battery  
  54  15:27  Shield Battery  
  58  15:33  Stalker  
  58  15:34  Stalker x3  
  66  15:40  Stalker  
  68  15:51  Stalker  
  62  16:24  Stalker x4  
  62  16:25  Stalker x2  
Show
View Real Time Build Order
Export as new Build Order

MrFercho Terran 

Build Orders:  

Get SALT Encoding   

  12  0:01  SCV  
  13  0:13  SCV  
  14  0:19  Refinery  
  14  0:25  SCV  
  15  0:33  Supply Depot  
  15  0:55  SCV  
  16  0:59  Barracks  
  16  1:07  SCV  
  17  1:17  Supply Depot  
  17  1:18  Supply Depot  
  17  1:20  SCV  
  18  1:31  Refinery  
  18  1:32  SCV  
  19  1:44  SCV  
  20  1:49  Factory  
  20  1:57  SCV  
  21  2:01  Marine  
  22  2:19  Marine  
  23  2:37  Marine  
  23  2:40  Factory Tech Lab  
  20  3:02  Siege Tank  
  3  3:34  Siege Tank  
  6  3:55  SCV  
  7  4:07  SCV  
  8  4:19  SCV  
  9  4:31  SCV  
  7  4:49  SCV  
  8  5:02  SCV  
  9  5:14  SCV  
  10  5:26  SCV  
  11  5:38  SCV  
  11  5:40  Siege Tank  
  5  6:36  Hellion  
  5  6:38  SCV  
  8  6:50  SCV  
  9  6:57  Hellion  
  11  7:02  SCV  
  11  7:04  Infernal Pre-Igniter  
  12  7:14  SCV  
  13  7:26  SCV  
  13  7:59  Hellion  
  15  8:21  Hellion  
  17  8:32  SCV  
  18  8:42  Hellion  
  18  8:44  SCV  
  21  8:56  SCV  
  22  9:08  SCV  
  23  9:20  SCV  
  24  9:26  Supply Depot  
  24  9:32  SCV  
  25  9:41  Marine  
  25  9:45  SCV  
  27  9:57  SCV  
  27  9:59  Marine  
  29  10:07  Armory  
  29  10:09  SCV  
  30  10:23  Siege Tank  
  30  10:26  SCV  
  34  10:38  SCV  
  35  10:50  SCV  
  36  11:57  SCV  
  37  12:07  Terran Vehicle And Ship Armor Level 1  
  37  12:09  SCV  
  37  12:15  Starport  
  38  12:21  SCV  
  39  12:42  Supply Depot  
  39  12:44  Supply Depot  
  39  12:55  Command Center, Engineering Bay  
  39  13:03  SCV  
  40  13:07  Supply Depot  
  40  13:15  SCV  
  41  13:37  Sensor Tower  
  41  13:40  Missile Turret  
  41  13:46  Medivac  
  43  13:58  Orbital Command  
  43  14:04  Marine  
  44  14:16  Viking  
  46  14:22  Marine  
  47  14:38  Siege Tank  
  47  14:40  Marine  
  51  14:46  Viking  
  44  15:16  Viking  
  46  15:52  Thor  
Show
View Real Time Build Order
Export as new Build Order

tigro Terran 

Build Orders:  

Get SALT Encoding   

  12  0:03  SCV  
  13  0:15  SCV  
  14  0:25  Supply Depot  
  14  0:27  SCV  
  15  0:36  Refinery  
  15  0:46  SCV  
  16  0:52  Barracks  
  16  0:58  SCV  
  17  1:10  SCV  
  18  1:20  Supply Depot  
  18  1:22  SCV  
  19  1:30  Refinery  
  19  1:35  SCV  
  20  1:40  Marine  
  21  1:50  SCV  
  22  1:58  Marine  
  22  1:59  Barracks  
  23  2:15  Marine  
  24  2:25  Orbital Command  
  24  2:33  Marine  
  23  2:51  Marine  
  24  2:58  Barracks Tech Lab  
  24  3:09  Marine  
  25  3:27  Marine  
  26  3:45  Marine  
  27  3:51  Factory  
  27  4:02  Marine  
  23  4:32  Barracks Tech Lab  
  23  4:34  Marauder  
  23  4:37  Factory Tech Lab  
  24  4:50  Engineering Bay  
  24  4:56  Marauder  
  24  4:59  Marine  
  27  5:07  Hellion  
  29  5:17  Marauder, Marine  
  32  5:28  Hellion  
  34  5:33  Command Center  
  34  5:35  Marine  
  35  5:38  Marauder  
  36  5:49  Hellion  
  34  5:52  Marine  
  35  6:00  Marauder  
  35  6:04  Combat Shield  
  37  6:08  Stimpack  
  37  6:11  Hellion  
  39  6:12  Terran Infantry Weapons Level 1  
  39  6:20  Marine  
  39  6:21  Marine  
  41  6:32  Hellion  
  43  6:37  Marine  
  43  6:38  Marine  
  45  6:46  Refinery  
  45  6:53  Planetary Fortress  
  45  6:55  Marine  
  45  6:56  Marine  
  45  6:59  SCV  
  48  7:01  Refinery  
  48  7:11  SCV  
  48  7:13  Marine  
  48  7:14  Marine, Siege Tank  
  54  7:22  Concussive Shells  
  54  7:23  SCV  
  55  7:31  Marine  
  55  7:32  Marine  
  55  7:35  SCV  
  56  7:47  SCV  
  57  8:06  Terran Infantry Armor Level 1  
  57  8:11  Starport  
  59  8:20  Hellion  
  61  8:41  Hellion  
  61  8:49  Starport  
  61  8:59  Supply Depot  
  61  9:20  Medivac  
  61  9:21  Hellion  
  61  9:23  Supply Depot  
  65  9:30  Armory  
  65  9:32  Starport Tech Lab  
  65  9:42  Hellion  
  67  10:00  Neosteel Armor, Starport Tech Lab  
  67  10:04  Hellion  
  69  10:18  Fusion Core  
  61  10:50  Hellion  
  52  11:06  Battlecruiser x2  
  58  11:11  Hellion  
  47  11:32  Hellion  
  47  11:36  Weapon Refit  
  47  11:41  Hi-Sec Auto Tracking  
  49  12:09  Siege Tank  
  50  12:30  Marine x2  
  52  12:41  Thor  
  58  12:48  Marine x2  
  60  12:55  Missile Turret  
  60  13:05  Marine  
  60  13:06  Marine  
  62  13:15  Medivac  
  62  13:16  Rapid Reignition System, Missile Turret  
  62  13:17  Medivac  
  66  13:23  Marine x2  
  66  13:26  Terran Infantry Weapons Level 2  
  68  13:41  Marine x2  
  68  13:44  Missile Turret  
  68  13:45  Battlecruiser  
  76  13:59  Marine x2  
  78  14:06  Missile Turret  
  78  14:08  Battlecruiser  
  84  14:17  Marine x2  
  86  14:28  Missile Turret  
  86  14:33  Command Center  
  86  14:34  Marine  
  86  14:35  Marine  
  88  14:52  Marine x2  
  88  14:55  Missile Turret  
  66  15:10  Marine x2  
  52  15:18  Missile Turret  
  52  15:19  Medivac  
  52  15:21  Battlecruiser  
  59  15:28  Marine x2  
  48  15:50  Battlecruiser  
  48  15:51  Planetary Fortress  
  48  15:57  Marauder  
  48  15:58  Marauder  
  52  16:19  Marauder x2  
  52  16:22  Hellion  
  58  16:36  Refinery  
Tags
 
Add a new tag
Caveats
  • Supply blocks, unpowered buildings, or Contaminate may cause inaccurate times.
  • Supply counts are checked every 10 seconds.